 Dungeon Crawl Stone Soup version 0.24-a0-463-g3510def36b (webtiles) character file.

Game seed: 10324221724779559154

11313 amkae the Protected (level 12, 0/94 HPs)
             Began as a Formicid Venom Mage on July 2, 2019.
             Was an Elder of Qazlal.
             Slain by a red ugly thing (9 damage)
             ... on level 12 of the Dungeon.
             The game lasted 00:50:57 (13870 turns).

amkae the Protected (Formicid Venom Mage)          Turns: 13870, Time: 00:50:59

Health: 0/94       AC: 13    Str: 18    XL:     12   Next: 6%
Magic:  24/24      EV: 11    Int: 15    God:    Qazlal [****..]
Gold:   714        SH:  5    Dex: 11    Spells: 16/27 levels left

rFire    + . .     SeeInvis +   m - +1 battleaxe (elec)
rCold    . . .     Gourm    .   (no shield)
rNeg     . . .     Faith    .   t - +0 ring mail
rPois    .         Spirit   .   (helmet unavailable)
rElec    .         Reflect  .   v - +2 cloak
rCorr    .         Harm     .   B - +1 pair of gloves
MR       ++...                  (no boots)
Stlth    +.........             y - amulet of magic regeneration
HPRegen  0.25/turn              F - ring of fire
MPRegen  0.44/turn              H - ring of protection from cold

@: repel missiles
A: permanent stasis, dig shafts and tunnels, four strong arms, antennae 3, magic
resistance 1, subdued magic 1
a: Dig, Shaft Self, Upheaval, Elemental Force, Renounce Religion


You were on level 12 of the Dungeon.
You worshipped Qazlal.
Qazlal was greatly pleased with you.
You were not hungry.

You visited 1 branch of the dungeon, and saw 12 of its levels.

You collected 714 gold pieces.

Inventory:

Hand Weapons
 b - a +2 flail of venom
 m - a +1 battleaxe of electrocution (weapon)
 M - a +1 trident of piercing
 O - a +0 battleaxe
Missiles
 E - 2 throwing nets (quivered)
Armour
 t - a +0 ring mail (worn)
 v - a +2 cloak (worn)
 B - a +1 pair of gloves (worn)
 D - a scarf of resistance
 P - a +0 chain mail
Jewellery
 f - an uncursed ring of ice
 y - an amulet of magic regeneration (around neck)
 C - an uncursed ring of stealth
 F - a ring of fire (left hand)
 H - a ring of protection from cold (right hand)
Wands
 u - a wand of paralysis (10)
 x - a wand of polymorph (21)
Scrolls
 a - 3 scrolls of identify
 e - 2 scrolls of immolation
 h - a scroll of fog
 i - a scroll of enchant weapon {unknown}
 k - 6 scrolls of magic mapping
 o - 6 scrolls of remove curse
 r - 4 scrolls of fear
Potions
 d - 5 potions of curing
 q - a potion of brilliance
 w - 3 potions of agility
 z - a potion of cancellation
 A - a potion of mutation
 I - 2 potions of flight
 J - 2 potions of might
 Q - a potion of magic
Comestibles
 c - 23 rations


   Skills:
 + Level 8.7 Fighting
 * Level 9.1 Axes
 - Level 0.1(5.6) Maces & Flails
 + Level 9.7 Armour
 - Level 1.7 Dodging
 - Level 2.4 Stealth
 - Level 8.3 Spellcasting
   Level 1.0 Conjurations
 - Level 3.8 Hexes
 - Level 2.0 Air Magic
 - Level 7.0 Poison Magic
 * Level 3.4 Invocations


You had 16 spell levels left.
You knew the following spells:

 Your Spells              Type           Power        Failure   Level  Hunger
b - Poisonous Vapours     Pois/Air       ###...       3%          2    None
c - Olgreb's Toxic Radia  Pois           ###.....     8%          4    ####...
d - Confusing Touch       Hex            ##....       2%          1    None
e - Summon Lightning Spi  Summ/Air       #.......     71%         4    ####...

Your spell library contained the following spells:

 Spells                   Type           Power        Failure   Level  Hunger
 Sting                    Conj/Pois      ##..         2%          1    None
 Slow                     Hex            ##......     4%          2    None
 Magic Dart               Conj           #...         10%         1    None
 Mephitic Cloud           Conj/Pois/Air  ##......     12%         3    ##.....
 Animate Skeleton         Necr           N/A          16%         1    None
 Apportation              Tloc           #.....       16%         1    None
 Freeze                   Ice            #...         16%         1    None
 Summon Small Mammal      Summ           #...         16%         1    None
 Summon Guardian Golem    Hex/Summ       #.......     21%         3    ##.....
 Call Imp                 Summ           #.......     22%         2    None
 Conjure Flame            Conj/Fire      #.......     36%         3    ##.....
 Call Canine Familiar     Summ           #.......     43%         3    ##.....
 Venom Bolt               Conj/Pois      ##........   63%         5    #####..
 Throw Icicle             Conj/Ice       #.......     78%         4    ####...
 Summon Ice Beast         Ice/Summ       #.......     85%         4    ####...
 Iskenderun's Battlesphe  Conj/Chrm      #.......     98%         5    #####..
 Deflect Missiles         Chrm/Air       #.........   100%        6    #######
 Blink                    Tloc           Unusable     N/A         2    N/A

Dungeon Overview and Level Annotations

Branches:
Dungeon (12/15)            Temple (0/1) D:7            Lair (0/6) D:9
    Orc: D:9-12

Altars:
Elyvilon
Fedhas
Hepliaklqana
Kikubaaqudgha
Makhleb
Okawaru
Qazlal
Ru
Trog
Xom

Shops:
D:6 :(((   D:7 *

Annotations:
D:2 exclusion: downstairs
D:3 exclusion: downstairs
D:4 exclusion: downstairs
D:5 Menkaure
D:7 exclusion: downstairs
D:9 1 runed translucent door
D:11 exclusion: downstairs
D:12 1 runed translucent door


Innate Abilities, Weirdness & Mutations

You cannot be hasted, slowed, berserked, paralysed or teleported.
You can dig through walls and to a lower floor.
Your four strong arms can wield two-handed weapons with a shield.
You have a pair of large antennae on your head. (SInv)
You are resistant to hostile enchantments. (MR+)
Your spells are a little easier to cast, but a little less powerful.


Message History

You closely miss the red ugly thing.
The red ugly thing is almost dead.
You block the red ugly thing's attack.
You barely miss the red ugly thing.
The red ugly thing is almost dead.
The red ugly thing kicks you.
* * * LOW HITPOINT WARNING * * *
You are engulfed in flames!
You resist.
* * * LOW HITPOINT WARNING * * *
Okay, then.
You barely miss the red ugly thing.
The red ugly thing is severely wounded.
You block the red ugly thing's attack.
You barely miss the red ugly thing.
The red ugly thing is severely wounded.
You hear a shout! x8
The red ugly thing kicks you!
* * * LOW HITPOINT WARNING * * *
You are engulfed in flames!
You resist.
You die...

################..
#................#
#................#
#................#
######................#
..............°..°§...+
...............☼......# {
................@u§...#
..............○.......#
......#######'####'############
......# +..{#......#.......
......# #...#......#.......
######.. #...#......'.......
.## {{##..##.....##...... ## {
K#..######## ####. K+..# {


You could see a red ugly thing.

Vanquished Creatures
  2 two-headed ogres (D:8)
  A skeletal warrior (D:11)
  Pikel (D:5)
  A cyclops (D:11)
  Psyche (D:9)
  A troll (D:10)
  Prince Ribbit (D:5)
  A hippogriff (D:10)
  3 hogs (D:7)
  3 yaks
  A wraith (D:11)
  Grum (D:8)
  A basilisk (D:11)
  A steam dragon (D:8)
  A human (D:7)
  Duvessa (D:5)
  2 porcupines (D:9)
  A black bear (D:9)
  2 ice beasts
  5 orc warriors
  2 sky beasts
  A phantom (D:7)
  4 slaves (D:5)
  A necrophage (D:9)
  4 wolves (D:8)
  11 ogres
  6 centaurs
  2 crocodiles
  5 bullfrogs
  3 big kobolds
  Dowan (D:5)
  3 scorpions
  5 killer bees (D:10)
  12 wights
  3 howler monkeys (D:11)
  2 crimson imps
  A quasit (D:11)
  4 bullfrog skeletons
  5 hounds
  3 orc priests
  2 jellies
  10 orc wizards
  Ijyb (D:3)
  2 iguanas
  7 worker ants
  A hound zombie (D:8)
  A worker ant zombie (D:11)
  2 hound skeletons
  4 gnolls
  A howler monkey zombie (D:8)
  13 adders
  3 shadow imps
  An ooze (D:5)
  An adder zombie (D:8)
  2 adder skeletons
  6 worms
  3 dart slugs
  8 leopard geckos
  34 orcs
  2 ball pythons
  5 giant cockroaches
  10 goblins
  9 hobgoblins
  7 quokkas
  4 bats
  9 frilled lizards
  22 kobolds
  A leopard gecko skeleton (D:9)
  A leopard gecko zombie (D:7)
  2 quokka skeletons
  9 rats
  A fungus (D:9)
293 creatures vanquished.

Vanquished Creatures (others)
  3 fungi (D:9)
3 creatures vanquished.

Grand Total: 296 creatures vanquished

Notes
Turn   | Place    | Note
-------+----------+-------------------------------------------
     0 | D:1      | amkae the Formicid Venom Mage began the quest for the Orb.
     0 | D:1      | Reached XP level 1. HP: 13/13 MP: 3/3
   125 | D:1      | Reached skill level 1 in Conjurations
   163 | D:1      | Reached XP level 2. HP: 13/19 MP: 0/5
   251 | D:1      | Learned a level 2 spell: Poisonous Vapours
   755 | D:1      | Reached XP level 3. HP: 24/24 MP: 0/6
  1349 | D:2      | Reached XP level 4. HP: 29/31 MP: 8/8
  1363 | D:2      | Learned a level 4 spell: Olgreb's Toxic Radiance
  1553 | D:2      | Reached skill level 1 in Axes
  1553 | D:2      | Reached skill level 1 in Air Magic
  1734 | D:2      | Reached skill level 1 in Armour
  1886 | D:2      | Found a white marble altar of Elyvilon.
  1991 | D:2      | Became a worshipper of Elyvilon the Healer
  2117 | D:3      | Found a stormy altar of Qazlal.
  2209 | D:3      | Fell from the grace of Elyvilon
  2209 | D:3      | Became a worshipper of Qazlal Stormbringer
  2241 | D:3      | Noticed Ijyb
  2251 | D:3      | Killed Ijyb
  2251 | D:3      | Reached skill level 1 in Fighting
  2251 | D:3      | Reached XP level 5. HP: 33/37 MP: 2/9
  2517 | D:3      | Reached skill level 5 in Poison Magic
  3277 | D:4      | Learned a level 1 spell: Confusing Touch
  3474 | D:4      | Reached XP level 6. HP: 26/43 MP: 2/10
  3483 | D:4      | Reached skill level 1 in Hexes
  3843 | D:4      | Found an ancient bone altar of Kikubaaqudgha.
  4252 | D:5      | Entered Level 5 of the Dungeon
  4253 | D:5      | Noticed Menkaure
  4292 | D:5      | Noticed Dowan
  4295 | D:5      | Noticed Duvessa
  4305 | D:5      | Killed Duvessa
  4305 | D:5      | Reached XP level 7. HP: 27/48 MP: 0/11
  4311 | D:5      | Killed Dowan
  5178 | D:5      | Noticed Prince Ribbit
  5210 | D:5      | Killed Prince Ribbit
  5210 | D:5      | Reached XP level 8. HP: 22/56 MP: 2/12
  5901 | D:5      | Found a shimmering altar of Xom.
  5935 | D:5      | Noticed Pikel
  6178 | D:5      | Killed Pikel
  6178 | D:5      | Reached skill level 5 in Armour
  6178 | D:5      | Reached XP level 9. HP: 39/64 MP: 3/15
  6355 | D:5      | Noticed a moth of wrath
  6370 | D:5      | Found a bloodstained altar of Trog.
  6577 | D:6      | Found Dewamydi's Weapon Emporium.
  6614 | D:6      | Reached * piety under Qazlal
  6643 | D:6      | Found a shimmering altar of Xom.
  6646 | D:6      | Found Ysmetel's Antique Weapon Shoppe.
  6736 | D:6      | Found a burning altar of Makhleb.
  6885 | D:6      | Found Domm's Antique Weapon Boutique.
  6921 | D:6      | Reached skill level 5 in Axes
  6921 | D:6      | Reached skill level 5 in Spellcasting
  7190 | D:6      | Found Gokoeg's Book Boutique.
  7517 | D:7      | Found a staircase to the Ecumenical Temple.
  8191 | D:7      | Reached XP level 10. HP: 68/72 MP: 20/20
  8259 | D:7      | Reached ** piety under Qazlal
  8537 | D:7      | Found Niezimm's Lightly-Used Armoury.
  8695 | D:8      | Noticed a two-headed ogre
  8805 | D:8      | Reached skill level 5 in Fighting
  9113 | D:8      | Noticed a two-headed ogre
  9141 | D:8      | Killed a two-headed ogre
  9180 | D:8      | Noticed Grum
  9204 | D:8      | Killed Grum
  9378 | D:8      | Found a sacrificial altar of Ru.
  9412 | D:8      | Reached XP level 11. HP: 82/82 MP: 17/23
  9513 | D:8      | Found a hazy altar of Hepliaklqana.
  9591 | D:8      | Killed a two-headed ogre
  9830 | D:9      | Reached *** piety under Qazlal
  9849 | D:9      | Found a staircase to the Lair.
 10089 | D:9      | Identified the Almanac of Freezing Protection
 10446 | D:9      | Found a blossoming altar of Fedhas.
 10468 | D:9      | Found an iron altar of Okawaru.
 10509 | D:9      | Noticed Psyche
 10521 | D:9      | Killed Psyche
 10521 | D:9      | Reached skill level 1 in Invocations
 10557 | D:9      | Learned a level 4 spell: Summon Lightning Spire
 10558 | D:9      | Found a runed translucent door.
 10560 | D:9      | Noticed a two-headed ogre
 10860 | D:10     | Entered Level 10 of the Dungeon
 11729 | D:10     | Gained mutation: Your spells are a little easier to cast,
                  | but a little less powerful. [potion of mutation]
 11729 | D:10     | Gained mutation: You are resistant to hostile enchantments.
                  | (MR+) [potion of mutation]
 12243 | D:11     | Reached **** piety under Qazlal
 12278 | D:11     | Noticed a cyclops
 12295 | D:11     | Killed a cyclops
 13294 | D:12     | Noticed a skeletal warrior
 13294 | D:12     | Noticed a skeletal warrior
 13294 | D:12     | Noticed a skeletal warrior
 13309 | D:11     | Killed a skeletal warrior
 13309 | D:11     | Reached XP level 12. HP: 32/94 MP: 24/24
 13837 | D:12     | Found a runed translucent gate.
 13870 | D:12     | Slain by a red ugly thing

Levels and vault maps discovered:
D:1:      zelgadis_glass_arrival_small, layout_loops_ring
D:2:      layout_rooms, marbit_many_paths, minmay_strange_pillars, corexii_shack
D:3:      layout_basic, nicolae_qazlal_general_emergency, uniq_ijyb
D:4:      layout_basic, kiku_gazebo_garden_becter, first_ration
D:5:      layout_loops_ring, tgw_trog, basic_altar, uniq_prince_ribbit1,
          uniq_duvessa, uniq_menkaure, uniq_pikel
D:6:      layout_basic, overflow_temple_1_default, basic_altar, serial_shops,
          shop, shop, shop_coins, shop
D:7:      layout_loops_ring, minmay_temple_entry_large_hall,
          minmay_shop_damaged, grunt_livestock
D:8:      layout_cave_pools, kennysheep_mini_moat, hangedman_ru_absence,
          uniq_grum
D:9:      layout_roguey, old_standard_altar, due_lair_maze_entry_diamond,
          minmay_misc_feat_secret_circle, minmay_st_funbox,
          hangedman_abyss_or_decor_stabs, okawaru_ov_weapons_minmay, uniq_psyche
D:10:     layout_loops_corners
D:11:     layout_gridville
D:12:     lemuel_upstairs_altar, layout_gridville, david_orc_3,
          gammafunk_ghost_nasty_kobolds, uniq_nessos, uniq_maurice

Skill      XL: |  1  2  3  4  5  6  7  8  9 10 11 |
---------------+----------------------------------+-----
Conjurations   | 1 |  1.0
Axes           | 1 2 3 4 5 6 9 |  9.1
Air Magic      | 1 2 |  2.0
Armour         | 1 2 3 5 6 8 9 |  9.7
Fighting       | 1 2 3 4 6 8 |  8.7
Poison Magic   | 5 6 7 |  7.0
Spellcasting   | 3 4 6 8 |  8.3
Hexes          | 2 3 |  3.8
Invocations    | 3 |  3.4
Maces & Flails | |  0.1
Dodging        | |  1.7
Stealth        | |  2.4

Action                   |  1- 3 |  4- 6 |  7- 9 | 10-12 || total
-------------------------+-------+-------+-------+-------++-------
Melee: Hand axe          |    76 |   101 |   219 |       ||   396
       Whip              |       |       |   193 |   298 ||   491
       Battleaxe         |       |       |       |   130 ||   130
       Flail             |       |       |       |     2 ||     2
Throw: Throwing net      |       |       |       |     1 ||     1
 Cast: Sting             |    16 |       |       |       ||    16
       Poisonous Vapours |     4 |    51 |    90 |    99 ||   244
       Confusing Touch   |       |       |     6 |     2 ||     8
       Olgreb's Toxic Ra |       |       |       |    18 ||    18
Invok: Elemental Force   |       |       |       |     1 ||     1
 Abil: Dig               |       |       |     2 |     2 ||     4
  Use: Scroll            |       |     7 |     5 |    13 ||    25
       Potion            |       |     3 |     2 |     2 ||     7
 Stab: Sleeping          |     2 |     3 |     1 |       ||     6
       Confused          |       |       |     2 |     1 ||     3
  Eat: Chunk             |     2 |    11 |     9 |    17 ||    39
       Ration            |       |       |     3 |     1 ||     4
Armor: Leather armour    |    23 |    41 |       |       ||    64
       Robe              |     1 |       |       |       ||     1
       Ring mail         |       |     3 |   166 |   199 ||   368
Dodge: Dodged            |    47 |    70 |   237 |   209 ||   563
       Deflected         |       |       |       |     5 ||     5
Block: Other             |       |       |    12 |    61 ||    73

Table legend:
 A = Non-vault XP
 B = Vault XP
 C = Vault XP percentage of total XP
 D = Non-vault monster count
 E = Vault monster count
 F = Vault count percentage of total count
                 A         B        C        D         E       F
            +---------+---------+-------+---------+---------+-------
      Total |   11793 |    4369 |  27.0 |     257 |      31 |  10.8
            +---------+---------+-------+---------+---------+-------
        D:1 |      54 |       0 |   0.0 |      22 |       0 |   0.0
        D:2 |      58 |       3 |   4.9 |      21 |       2 |   8.7
        D:3 |      78 |      36 |  31.6 |      16 |       1 |   5.9
        D:4 |     187 |       0 |   0.0 |      12 |       0 |   0.0
        D:5 |     578 |    1115 |  65.9 |      14 |       9 |  39.1
        D:6 |     715 |       0 |   0.0 |      28 |       0 |   0.0
        D:7 |    1104 |     980 |  47.0 |      24 |       5 |  17.2
        D:8 |    3415 |     660 |  16.2 |      41 |       5 |  10.9
        D:9 |     669 |    1575 |  70.2 |      18 |       9 |  33.3
       D:10 |    1930 |       0 |   0.0 |      31 |       0 |   0.0
       D:11 |    3005 |       0 |   0.0 |      30 |       0 |   0.0
            +---------+---------+-------+---------+---------+-------
